Map: Dusk Towers

Players

Wizard - Winner!

  • Race: Zerg Zerg
  • League: Platinum

MorN

  • Race: Terran Terran
  • League: Master

VOD

Have the link to the VOD?

Description

Time

  • Played on: Nov. 29, 2015, 8:46 p.m.
  • Length: 7:17
Show
View Real Time Build Order
Export as new Build Order

Wizard Zerg - Winner!

Build Orders: Hatch First, Ravager All-In 

Get SALT Encoding   

  12  0:03  Drone  
  13  0:12  Drone  
  14  0:20  Overlord  
  14  0:25  Extractor x2  
  14  0:26  Drone  
  13  0:29  Drone  
  16  0:38  Drone  
  17  0:54  Hatchery  
  16  0:58  Drone  
  16  1:00  Drone  
  18  1:08  Extractor  
  17  1:16  Spawning Pool  
  16  1:20  Drone  
  17  1:28  Overlord  
  17  1:31  Drone  
  18  1:41  Drone  
  19  2:03  Queen  
  19  2:04  Zergling x4  
  19  2:06  Queen  
  25  2:08  Metabolic Boost  
  25  2:17  Drone x2  
  25  2:19  Drone  
  28  2:27  Drone  
  30  2:44  Drone x4  
  30  2:50  Drone  
  34  2:57  Overlord  
  34  3:01  Overlord  
  33  3:19  Zergling x8  
  37  3:25  Zergling x2  
  37  3:26  Zergling x8  
  41  3:40  Drone x2, Roach Warren  
  41  3:45  Hatchery  
  39  3:49  Drone  
  39  3:50  Drone x4  
  39  3:53  Extractor  
  43  4:06  Overlord  
  43  4:07  Overlord x3  
  43  4:25  Roach  
  43  4:26  Roach x3  
  43  4:30  Roach x3  
  57  4:42  Drone x5  
  62  4:53  Ravager x4  
  62  4:55  Ravager  
  67  5:00  Drone x3  
  67  5:02  Extractor  
  67  5:05  Spore Crawler  
  68  5:08  Spore Crawler  
  68  5:11  Ravager  
  68  5:13  Drone x5  
  73  5:14  Zergling x2  
  73  5:15  Zergling x4  
  73  5:18  Drone x2  
  78  5:24  Ravager  
  79  5:29  Zergling x8  
  79  5:30  Zergling x4  
  85  5:36  Overlord  
  85  5:38  Overlord  
  85  5:42  Lair  
  85  5:55  Spore Crawler  
  84  5:58  Zergling x2  
  84  5:59  Zergling x10  
  88  6:14  Drone  
  88  6:15  Drone  
  78  6:34  Zergling x18  
  87  6:53  Zergling x2  
  89  6:54  Zergling x2  
  89  6:57  Drone x3, Overlord x2  
  86  7:04  Drone x2  
  82  7:13  Extractor  
Show
View Real Time Build Order
Export as new Build Order

MorN Terran 

Build Orders: Reaper Expand 

Get SALT Encoding   

  12  0:00  SCV  
  13  0:12  SCV  
  14  0:22  Supply Depot  
  14  0:26  SCV  
  15  0:43  SCV  
  15  0:44  Barracks  
  15  0:49  Refinery  
  16  0:55  SCV  
  17  1:08  SCV  
  18  1:20  SCV  
  19  1:33  Reaper  
  19  1:34  Orbital Command  
  20  1:45  Command Center  
  20  1:59  Supply Depot  
  20  2:00  SCV  
  21  2:05  Reaper  
  22  2:14  SCV  
  23  2:26  SCV  
  23  2:29  Factory  
  24  2:47  SCV  
  24  2:49  Barracks Reactor  
  24  2:50  Refinery  
  25  2:58  Orbital Command  
  25  3:00  SCV  
  26  3:12  SCV  
  27  3:23  Starport  
  27  3:24  Factory Tech Lab  
  27  3:25  SCV  
  28  3:28  Marine x2  
  28  3:32  Command Center  
  30  3:44  SCV  
  30  3:48  Siege Tank  
  32  3:49  SCV  
  32  3:53  Marine x2  
  35  4:00  Viking  
  38  4:02  SCV  
  38  4:03  SCV  
  39  4:11  Marine x2  
  39  4:14  Supply Depot  
  39  4:15  SCV  
  42  4:25  SCV  
  42  4:28  SCV  
  42  4:30  Factory Tech Lab  
  44  4:38  Banshee  
  44  4:41  SCV x2  
  44  4:42  Cloaking Field  
  49  4:49  Orbital Command  
  51  4:53  SCV  
  51  4:56  Refinery  
  51  4:57  Refinery  
  50  5:03  SCV, Barracks  
  50  5:05  Factory Reactor  
  50  5:06  SCV, Barracks  
  52  5:11  Supply Depot  
  52  5:12  Orbital Command  
  52  5:15  SCV  
  52  5:17  Marine  
  52  5:18  SCV  
  55  5:23  Engineering Bay  
  55  5:25  Engineering Bay  
  55  5:27  Banshee, SCV  
  59  5:30  SCV  
  60  5:39  SCV, Marine  
  60  5:42  SCV  
  63  5:45  Barracks  
  63  5:46  Barracks  
  63  5:49  SCV  
  64  5:51  Factory Reactor  
  64  5:56  Marine x2  
  66  6:09  SCV x2  
  68  6:12  Marine  
  68  6:17  Marine x4  
  73  6:20  SCV, Starport Reactor  
  73  6:21  SCV, Supply Depot  
  73  6:22  SCV, Supply Depot  
  76  6:32  Marine x2  
  63  6:37  Marine  
  63  6:38  Marine  
  63  6:39  Marine x2  
  62  6:44  Marine  
  57  6:50  Hellion x2  
  54  6:55  Marine  
  54  6:59  Marine x2  
Tags
 
Add a new tag
Caveats
  • Supply blocks, unpowered buildings, or Contaminate may cause inaccurate times.
  • Supply counts are checked every 10 seconds.